 Crawl Stoat Soup version 0.22-s0-48-g64bc621 (webtiles) character file.

788 Danakh the Magician (level 7, -6/41 HPs)
             Began as a Faerie Dragon Wizard on Dec 28, 2021.
             Mangled by a hornet zombie (12 damage)
             ... on level 5 of the Dungeon.
             The game lasted 00:11:16 (3742 turns).

Danakh the Magician (Faerie Dragon Wizard)          Turns: 3742, Time: 00:11:16

Health: -6/41      AC:  8    Str:  5    XL:     7   Next: 87%
Magic:  25/25      EV: 16    Int: 24    God:
Gold:   138        SH:  6    Dex: 10    Spells: 9/18 levels left

rFire    . . .     SeeInvis .   (weapon restricted)
rCold    . . .     Gourm    .   (shield restricted)
rNeg     . . .     Faith    .   (armour unavailable)
rPois    .         Spirit   .   a - +0 hat
rElec    .         Warding  .   g - +0 cloak
rCorr    .         Reflect  .   (no gloves)
MR       .....     Harm     .   l - +0 pair of boots
Stlth    ..........             (no amulet)
HPRegen  0.13/turn              x - ring of magical power
MPRegen  0.19/turn              (no ring)

@: flying, very slightly contaminated
A: small, unfitting armour, magic attunement, magical scales, able to fly
a: Stop Flying


You were on level 5 of the Dungeon.
You were not hungry.

You visited 1 branch of the dungeon, and saw 5 of its levels.
You also visited: Sewer.

You collected 138 gold pieces.

Inventory:

Armour
 a - a +0 hat (worn)
 g - a +0 cloak (worn)
 l - a +0 pair of boots (worn)
Jewellery
 x - a ring of magical power (left hand)
Scrolls
 b - a scroll of immolation {unknown}
 d - 7 scrolls of teleportation {unknown}
 f - 5 scrolls of identify {unknown}
 i - a scroll of magic mapping {unknown}
 k - a scroll of noise {unknown}
 n - a scroll of amnesia {unknown}
 r - 5 scrolls of fog {unknown}
 s - 2 scrolls of fear {unknown}
 u - 2 scrolls of blinking {unknown}
 v - 2 scrolls of remove curse {unknown}
 y - a scroll of enchant armour {unknown}
Potions
 e - 6 potions of curing {unknown}
 j - a potion of mutation {unknown}
 m - a potion of resistance {unknown}
 o - a potion of invisibility {unknown}
 p - 3 potions of agility {unknown}
 q - 5 potions of magic {unknown}
 t - 3 potions of heal wounds {unknown}
 w - a potion of ambrosia {unknown}
 z - a potion of haste {unknown}
 A - a potion of degeneration {unknown}
Comestibles
 c - 4 bread rations
 h - a fruit
 B - a chunk of flesh


   Skills:
 + Level 5.7 Dodging
 - Level 1.2 Stealth
 + Level 6.4 Spellcasting
 + Level 5.9 Conjurations
   Level 1.0 Summonings
 - Level 1.0 Translocations


You had 9 spell levels left.
You knew the following spells:

 Your Spells              Type           Power        Failure   Level  Hunger
a - Magic Dart            Conj           ####         1%          1    None
b - Blink                 Tloc           N/A          8%          2    None
c - Mephitic Cloud        Conj/Pois/Air  ###.....     10%         3    None
d - Conjure Flame         Conj/Fire      ###.....     7%          3    None

Your spell library contained the following spells:

 Spells                   Type           Power        Failure   Level  Hunger
 Throw Frost              Conj/Ice       ###...       3%          2    None
 Freeze                   Ice            #...         8%          1    None
 Call Imp                 Summ           ##......     8%          2    None
 Slow                     Hex            #.......     12%         2    None
 Ozocubu's Armour         Chrm/Ice       #.......     22%         3    None
 Throw Icicle             Conj/Ice       ###.....     22%         4    None
 Summon Ice Beast         Ice/Summ       ##......     52%         4    None


Dungeon Overview and Level Annotations

Branches:
Dungeon (5/15)
 Temple: D:4-7

Altars:
Elyvilon
Fedhas
Makhleb


Innate Abilities, Weirdness & Mutations

You cannot fit into any form of body armour.
Your sparkly wings attract attention. (Stealth-).
You are small and have problems with some larger weapons.
Your spells do not cause hunger; their MP costs are reduced by 1 (to a minimum of 1 if there are no threatening monsters in view).
Your shimmering scales repel attacks (AC +6, SH +6).
You can fly continuously.


Message History

The magic dart hits the hornet zombie.
The hornet zombie is heavily damaged.
The hornet zombie closely misses you.
Casting: Magic Dart (safe; 1% risk of failure)
Confirm with . or Enter, or press ? or * to list all spells.
Aiming: Magic Dart (safe; 1% risk of failure)
Press: ? - help, Shift-Dir - straight line, f/p - hornet zombie
Aim: a hornet zombie (heavily damaged)
The magic dart hits the hornet zombie.
The hornet zombie is heavily damaged.
You block the hornet zombie's attack.
Casting: Magic Dart (safe; 1% risk of failure)
Confirm with . or Enter, or press ? or * to list all spells.
Aiming: Magic Dart (safe; 1% risk of failure)
Press: ? - help, Shift-Dir - straight line, f/p - hornet zombie
Aim: a hornet zombie (heavily damaged)
The magic dart hits the hornet zombie.
The hornet zombie is severely damaged.
The hornet zombie hits you!
You die...

...... ..... #
# .... .. #.
... . #.#.# ..
...
....##.##..##
###.#...%.....#
.......@......#
##......Z......
.....##.(......
.... #........
... .........
.. #........ .
.........
#........


You could see a hornet zombie.

Vanquished Creatures
  Grinder (D:4)
  2 bullfrogs (Sewer)
  An orc priest (D:4)
  A centaur skeleton (D:4)
  A worker ant (D:4)
  3 gnolls (D:4)
  7 river rats
  18 adders
  A shadow imp (D:4)
  2 oozes
  An adder zombie (D:1)
  2 worms (D:2)
  2 dart slugs
  2 leopard geckos
  5 orcs
  7 ball pythons
  A bat zombie (D:1)
  4 giant cockroaches
  5 goblins
  7 hobgoblins
  6 jackals
  9 kobolds
  9 bats
  4 frilled lizards (Sewer)
  A leopard gecko skeleton (D:5)
  30 rats
132 creatures vanquished.

Notes
Turn   | Place    | Note
-------+----------+-------------------------------------------
     0 | D:1      | Danakh the Faerie Dragon Wizard began the quest for the
                  | Orb.
     0 | D:1      | Reached XP level 1. HP: 11/11 MP: 5/5
    75 | D:1      | Reached XP level 2. HP: 17/17 MP: 6/6
   426 | D:1      | Reached skill level 4 in Spellcasting
   580 | D:1      | Learned a level 2 spell: Blink
   668 | D:1      | Reached XP level 3. HP: 21/21 MP: 8/8
   675 | D:1      | Learned a level 3 spell: Conjure Flame
   679 | D:1      | Learned a level 3 spell: Mephitic Cloud
  1027 | D:2      | Found a white marble altar of Elyvilon.
  1048 | D:2      | Reached XP level 4. HP: 27/27 MP: 10/10
  1141 | D:2      | Found a blossoming altar of Fedhas.
  1143 | D:2      | Found a burning altar of Makhleb.
  1691 | D:3      | Reached XP level 5. HP: 27/31 MP: 11/11
  1976 | D:3      | Found a glowing drain.
  1980 | Sewer    | Entered a sewer
  2044 | Sewer    | Reached skill level 5 in Spellcasting
  2112 | Sewer    | Reached XP level 6. HP: 32/36 MP: 13/13
  2214 | Sewer    | Reached XP level 7. HP: 26/41 MP: 13/15
  2688 | D:4      | Reached skill level 5 in Dodging
  2688 | D:4      | Reached skill level 5 in Conjurations
  2768 | D:4      | HP: 2/41 [gnoll/spear (9)]
  3212 | D:4      | Noticed Grinder
  3227 | D:4      | Killed Grinder
  3227 | D:4      | Reached skill level 6 in Spellcasting
  3723 | D:5      | Entered Level 5 of the Dungeon
  3742 | D:5      | Mangled by a hornet zombie

Vault maps used:
D:1:      saegor_arrival_fortress
D:2:      minmay_diamond_boxcup, nicolae_overflow_crystal_walls,
          chequers_temple_overflow_statue_of_worship
D:3:      gup_sewer_entry_spiral
D:4:      first_bread, feat_on_display, uniq_grinder
Sewer:    sewer_minmay_w

Skill      XL: |  1  2  3  4  5  6  7 |
---------------+----------------------+-----
Conjurations   | 2 3 4 5 |  5.9
Spellcasting   | 4 5 6 |  6.4
Dodging        | 3 4 5 |  5.7
Stealth        | |  1.2
Summonings     | |  1.0
Translocations | |  1.0

Action                   |  1- 3 |  4- 6 |  7- 9 || total
-------------------------+-------+-------+-------++-------
 Cast: Magic Dart        |    94 |   188 |    96 ||   378
       Mephitic Cloud    |       |     1 |       ||     1
  Eat: Chunk             |       |     4 |     4 ||     8
Armor: Skin              |     6 |    13 |     6 ||    25
Dodge: Dodged            |    22 |    37 |    35 ||    94
Block: Other             |     9 |    15 |    12 ||    36

Table legend:
 A = Spawn XP
 B = Non-spawn XP
 C = Spawn XP percentage of total XP
 D = Spawn monster count
 E = Non-spawn monster count
 F = Spawn count percentage of total count
 G = Total turns spent on level
                    A         B        C        D         E        F      G
               +---------+---------+-------+---------+---------+-------+---------
         Total |      94 |    1033 |   8.3 |       9 |     123 |   6.8 |  3742
               +---------+---------+-------+---------+---------+-------+---------
           D:1 |       7 |      28 |  20.0 |       4 |      14 |  22.2 |   826
           D:2 |       1 |     124 |   0.8 |       1 |      28 |   3.4 |   813
           D:3 |       0 |      76 |   0.0 |       0 |      22 |   0.0 |   768
           D:4 |      86 |     388 |  18.1 |       4 |       9 |  30.8 |  1043
           D:5 |       0 |       8 |   0.0 |       0 |       2 |   0.0 |    19
         Sewer |       0 |     409 |   0.0 |       0 |      48 |   0.0 |   273
               +---------+---------+-------+---------+---------+-------+---------
